 Dungeon Crawl Stone Soup version 0.24.0-1-gfbc8707 (webtiles) character file.

Game seed: 6430361247423634611, levelgen mode: deterministic

26364 slphil the Nimble (level 13, -7/148 HPs)
             Began as a Gnoll Arcane Marksman on Oct 30, 2019.
             Was a High Priest of Okawaru.
             Mangled by Donald
             ... wielding a +0 eveningstar
              (32 damage)
             ... on level 2 of the Orcish Mines.
             The game lasted 00:56:58 (23504 turns).

slphil the Nimble (Gnoll Arcane Marksman)          Turns: 23504, Time: 00:56:59

Health: -7/148     AC: 26    Str: 14    XL:     13   Next: 25%
Magic:  21/25      EV:  2    Int: 18    God:    Okawaru [*****.]
Gold:   498        SH:  8    Dex: 17    Spells: 2/29 levels left

rFire    . . .     SeeInvis .   a - +2 morningstar (protect)
rCold    . . .     Gourm    .   x - +0 buckler
rNeg     + + +     Faith    .   (armour currently unavailable)
rPois    +         Spirit   .   (helmet currently unavailable)
rElec    .         Reflect  .   (cloak currently unavailable)
rCorr    .         Harm     .   (gloves currently unavailable)
MR       .....     NoTele   +   (boots currently unavailable)
Stlth    +++++.....             k - amulet of the acrobat
HPRegen  0.34/turn              L - ring of poison resistance
MPRegen  0.19/turn              P - ring of wizardry

@: tree-form, heroism, finesse, hasted and slowed
A: distributed training, strong nose
a: Heroism, Finesse, Renounce Religion


You were on level 2 of the Orcish Mines.
You worshipped Okawaru.
Okawaru was extremely pleased with you.
You were very hungry.
You were a tree.
You visited 3 branches of the dungeon, and saw 17 of its levels.

You collected 838 gold pieces.
You spent 340 gold pieces at shops.

Inventory:

Hand Weapons
 a - a +2 morningstar of protection (weapon)
 H - a cursed +3 long sword
 J - a +1 war axe of freezing
 S - a +4 great mace of crushing
 X - a +0 broad axe
Missiles
 c - 3 javelins
 d - 361 stones (quivered)
 n - a throwing net
 T - 4 boomerangs
 V - 7 silver javelins
Armour
 x - a +0 buckler (worn)
 A - a +0 scale mail
 D - the +1 cloak of Gehenna (melded) {rN+}
   (You found it on level 6 of the Dungeon)

   It protects you from negative energy.
 E - a +2 helmet (melded)
 K - a +1 ring mail (melded)
 Y - a scarf of spirit shield
Jewellery
 k - an amulet of the acrobat (around neck)
 u - an uncursed ring of stealth
 y - a +3 ring of strength
 L - a ring of poison resistance (left branch)
 P - a ring of wizardry (right branch)
Wands
 i - a wand of random effects (19)
 r - a wand of polymorph (7)
 G - a wand of flame (11)
 M - a wand of paralysis (6)
 Q - a wand of clouds (4)
Scrolls
 e - 10 scrolls of remove curse
 h - 9 scrolls of teleportation
 l - 2 scrolls of enchant weapon
 o - a scroll of noise
 t - a scroll of blinking
 z - 3 scrolls of fog
 O - a scroll of enchant armour
 R - a scroll of magic mapping
Potions
 g - 4 potions of lignification
 j - a potion of resistance {unknown}
 m - 3 potions of flight
 p - 2 potions of haste
 s - a potion of cancellation {unknown}
 v - 4 potions of curing
 w - 5 potions of brilliance
 B - a potion of agility {unknown}
 I - 3 potions of magic
 U - a potion of invisibility {unknown}
Miscellaneous
 C - a lightning rod (4/4)
Comestibles
 b - 10 chunks of flesh
 f - 24 rations


   Skills:
 + Level 8.4(13.4) Fighting
 + Level 8.0(13.0) Short Blades
 + Level 8.0(13.0) Long Blades
 + Level 8.0(13.0) Axes
 + Level 8.0(13.0) Maces & Flails
 + Level 8.0(13.0) Polearms
 + Level 8.0(13.0) Staves
 + Level 8.0(13.0) Slings
 + Level 8.0(13.0) Bows
 + Level 8.0(13.0) Crossbows
 + Level 9.2(14.2) Throwing
 + Level 8.0(13.0) Armour
 + Level 9.2(14.2) Dodging
 + Level 8.0(13.0) Stealth
 + Level 8.0(13.0) Shields
 + Level 8.0(13.0) Unarmed Combat
 + Level 8.5 Spellcasting
 + Level 6.6 Conjurations
 + Level 8.7 Hexes
 + Level 6.6 Charms
 + Level 6.6 Summonings
 + Level 6.6 Necromancy
 + Level 6.6 Translocations
 + Level 6.6 Transmutations
 + Level 6.6 Fire Magic
 + Level 6.6 Ice Magic
 + Level 6.6 Air Magic
 + Level 6.6 Earth Magic
 + Level 6.6 Poison Magic
 + Level 8.7 Invocations
 + Level 8.0 Evocations


You had 2 spell levels left.
You knew the following spells:

 Your Spells              Type           Power        Failure   Level  Hunger
a - Corona                Hex            #####..      1%          1    None
b - Slow                  Hex            #####...     1%          2    None
c - Portal Projectile     Hex/Tloc       #####.       1%          3    None
d - Cause Fear            Hex            #####.....   1%          4    ###....
e - Passwall              Tmut/Erth      ####....     1%          2    None
f - Sandblast             Erth           ####..       1%          1    None
g - Confuse               Hex            #####...     1%          3    None
h - Metabolic Englaciati  Hex/Ice        #####.....   4%          5    #####..
i - Confusing Touch       Hex            #####.       1%          1    None
j - Lee's Rapid Deconstr  Erth           ####......   7%          5    #####..

Your spell library contained the following spells:

 Spells                   Type           Power        Failure   Level  Hunger
 Gell's Gravitas          Tloc           ####......   1%          3    None
 Inner Flame              Hex/Fire       #####...     1%          3    None
 Stone Arrow              Conj/Erth      ####..       1%          3    None
 Leda's Liquefaction      Hex/Erth       #####.....   1%          4    ###....
 Petrify                  Tmut/Erth      ####....     2%          4    ###....
 Yara's Violent Unravell  Hex/Tmut       #####.....   4%          5    #####..


Dungeon Overview and Level Annotations

Branches:
Dungeon (11/15)            Temple (0/1) D:7            Lair (4/6) D:11
  Swamp (0/4) Lair:2        Snake (0/4) Lair:2          Orc (2/2) D:11
    Elf (0/3) Orc:2

Altars:
Ashenzari
Dithmenos
Fedhas
Gozag
Nemelex Xobeh
Okawaru
Qazlal
Trog
Wu Jian
Xom
Yredelemnul

Shops:
D:10 :

Annotations:
Orc:2 Donald


Innate Abilities, Weirdness & Mutations

Your experience applies equally to all skills.
((You have very sharp teeth.))
Your uncanny sense of smell can sniff out nearby items.


Message History

Donald is severely wounded.
The now-empty wand crumbles to dust.
Donald hits you with a +0 eveningstar!
* * * LOW HITPOINT WARNING * * *
You block the wraith's attack.
The wraith hits you but does no damage. x2
Unknown command.
Evoke which item? (* to show all) (? for menu, Esc to quit)
Okay, then.
You feel much better.
Donald drinks a potion.
Donald is healed!
The wraith hits you but does no damage. The wraith hits you.
* * * LOW HITPOINT WARNING * * *
The wraith drains your vigour!
You feel as though you will be slow longer.
You block the wraith's attack. Donald hits you with a +0 eveningstar.
* * * LOW HITPOINT WARNING * * *
Evoke which item? (* to show all) (? for menu, Esc to quit)
Aiming: Cloud Cone
Press: ? - help, Dir - move target cursor, f/p - Donald
Aim: Donald, wielding a +0 eveningstar, wearing a +0 chain mail and wearing a cursed +0 shield (black smoke, moderately wounded, fast, unusually strong, covered in acid)
You create a blast of flame!
Donald hits you with a +0 eveningstar!!
You die...

*,,,,,,,****,.....#####.#.......*
,,,,,,,,,**,∆,,....#.#..........,
,,,,,,,,,**,,,###..............##
,,,,,,,,,,,,,##≈##..§§....##.....
,,,*,,,,,,,,##≈≈≈##§§§.....#.....
,,***,,,**###≈≈§§§§§§§..#.###....
,,,*,*****#..≈≈§W§§§§#.....#.....
,,,*,***,*,*#.≈WW@§..#.........<.
,,,*,**∩,,**##.W♣##..###.........
,,,,,***,***,##)##....#.........#
,,,,,******,,,##*....####......##
,,,,,,,* ***,,,.#.### ##.....#
*****,** *,,..##* ###..## ***
**#.** *.### #** ##*


You could see Donald and 4 wraiths.

Vanquished Creatures
  Josephine (Orc:2)
  4 hydras
  3 two-headed ogres
  Urug (Orc:1)
  A deep elf mage (D:7)
  2 manticores (Lair:2)
  Maurice (D:9)
  Psyche (D:9)
  2 spiny frogs (Lair:1)
  3 gargoyles
  2 elephants
  A komodo dragon (Lair:2)
  3 rime drakes (Lair:2)
  A queen bee (Lair:2)
  A blink frog (Lair:2)
  2 hippogriffs (Lair:2)
  3 bog bodies (Lair:2)
  2 spriggans
  2 wraiths
  A vampire (D:9)
  4 wyverns
  2 humans (D:7)
  2 yaks
  3 hungry ghosts
  4 basilisks
  A swamp worm (Lair:2)
  7 nagas (Lair:2)
  A two-headed ogre zombie (D:11)
  3 water moccasins (Lair:2)
  A sky beast (D:9)
  3 porcupines
  2 ice beasts
  A black bear (Lair:4)
  2 phantoms
  7 orc warriors
  21 wolves
  6 ogres
  3 centaurs
  7 crocodiles
  14 bullfrogs
  A gnoll sergeant (D:9)
  38 killer bees
  3 scorpions
  2 electric eels
  9 wights
  5 howler monkeys
  6 crimson imps
  2 quasits
  2 gnoll shamans (D:8)
  11 orc priests
  A jelly (D:5)
  10 orc wizards
  A bullfrog zombie (D:5)
  6 hounds
  A centaur skeleton (D:4)
  4 iguanas
  11 worker ants
  7 ogre zombies (D:11)
  A hound zombie (D:7)
  A howler monkey zombie (D:6)
  Robin (D:2)
  12 adders
  11 gnolls
  3 howler monkey skeletons
  2 shadow imps
  An ooze (D:1)
  2 adder zombies
  2 worms
  A dart slug (D:3)
  9 leopard geckos
  50 orcs
  6 bats
  8 giant cockroaches
  18 goblins
  13 hobgoblins
  5 jackals (D:7)
  5 quokkas
  5 frilled lizards
  A goblin skeleton (D:11)
  3 goblin zombies (D:11)
  6 hobgoblin zombies (D:11)
  10 kobolds
  A leopard gecko skeleton (D:4)
  2 leopard gecko zombies (D:6)
  3 orc skeletons (D:11)
  12 orc zombies (D:11)
  A quokka skeleton (D:4)
  7 rats
453 creatures vanquished.

Vanquished Creatures (others)
  An orc (D:9)
  6 fungi
  13 plants
20 creatures vanquished.

Grand Total: 473 creatures vanquished

Notes
Turn   | Place    | Note
-------+----------+-------------------------------------------
     0 | D:1      | slphil the Gnoll Arcane Marksman began the quest for the
                  | Orb.
     0 | D:1      | Reached XP level 1. HP: 17/17 MP: 4/4
   476 | D:1      | Reached XP level 2. HP: 23/23 MP: 5/5
   713 | D:1      | Reached XP level 3. HP: 26/28 MP: 7/7
  1023 | D:1      | Reached skill level 1 in Invocations
  1316 | D:2      | Found a sparkling altar of Nemelex Xobeh.
  1348 | D:2      | Reached skill level 1 in Short Blades
  1348 | D:2      | Reached skill level 1 in Long Blades
  1348 | D:2      | Reached skill level 1 in Axes
  1348 | D:2      | Reached skill level 1 in Maces & Flails
  1348 | D:2      | Reached skill level 1 in Polearms
  1348 | D:2      | Reached skill level 1 in Staves
  1348 | D:2      | Reached skill level 1 in Slings
  1348 | D:2      | Reached skill level 1 in Bows
  1348 | D:2      | Reached skill level 1 in Crossbows
  1348 | D:2      | Reached skill level 1 in Armour
  1348 | D:2      | Reached skill level 1 in Stealth
  1348 | D:2      | Reached skill level 1 in Shields
  1348 | D:2      | Reached skill level 1 in Unarmed Combat
  1348 | D:2      | Reached skill level 1 in Evocations
  1360 | D:2      | Reached XP level 4. HP: 34/34 MP: 8/8
  1370 | D:2      | Noticed Robin
  1589 | D:2      | Killed Robin
  1589 | D:2      | Reached skill level 1 in Conjurations
  1589 | D:2      | Reached skill level 1 in Charms
  1589 | D:2      | Reached skill level 1 in Summonings
  1589 | D:2      | Reached skill level 1 in Necromancy
  1589 | D:2      | Reached skill level 1 in Translocations
  1589 | D:2      | Reached skill level 1 in Transmutations
  1589 | D:2      | Reached skill level 1 in Fire Magic
  1589 | D:2      | Reached skill level 1 in Ice Magic
  1589 | D:2      | Reached skill level 1 in Air Magic
  1589 | D:2      | Reached skill level 1 in Earth Magic
  1589 | D:2      | Reached skill level 1 in Poison Magic
  2108 | D:2      | Found a stormy altar of Qazlal.
  2429 | D:3      | Reached XP level 5. HP: 36/40 MP: 9/9
  3049 | D:3      | Reached XP level 6. HP: 47/47 MP: 10/10
  3291 | D:4      | Learned a level 2 spell: Slow
  3295 | D:4      | Learned a level 3 spell: Portal Projectile
  3300 | D:4      | Learned a level 4 spell: Cause Fear
  3341 | D:4      | Reached skill level 5 in Throwing
  3341 | D:4      | Reached skill level 5 in Dodging
  3679 | D:4      | Noticed an orc warrior
  3706 | D:4      | Killed an orc warrior
  3706 | D:4      | Reached XP level 7. HP: 45/52 MP: 12/12
  4193 | D:5      | Entered Level 5 of the Dungeon
  4284 | D:5      | Found a shadowy altar of Dithmenos.
  4539 | D:5      | Reached XP level 8. HP: 56/60 MP: 14/14
  4682 | D:5      | Found a bloodstained altar of Trog.
  4684 | D:5      | Found a shattered altar of Ashenzari.
  4685 | D:5      | Found an ornate altar of the Wu Jian Council.
  5874 | D:6      | Reached XP level 9. HP: 59/66 MP: 14/16
  6386 | D:6      | Got a dazzling cloak
  6397 | D:6      | Identified the +1 cloak of Gehenna {rN+} (You found it on
                  | level 6 of the Dungeon)
  6479 | D:6      | Reached skill level 5 in Spellcasting
  6896 | D:7      | Found an iron altar of Okawaru.
  6936 | D:7      | Reached skill level 5 in Fighting
  6942 | D:7      | Became a worshipper of Warmaster Okawaru
  6985 | D:7      | Found a staircase to the Ecumenical Temple.
  7433 | D:7      | Found a basalt altar of Yredelemnul.
  7489 | D:7      | Reached skill level 5 in Invocations
  7579 | D:7      | Noticed a deep elf mage
  7593 | D:7      | Killed a deep elf mage
  7593 | D:7      | Reached * piety under Okawaru
  7593 | D:7      | Reached XP level 10. HP: 36/74 MP: 18/18
  8466 | D:7      | Reached skill level 5 in Short Blades
  8466 | D:7      | Reached skill level 5 in Long Blades
  8466 | D:7      | Reached skill level 5 in Axes
  8466 | D:7      | Reached skill level 5 in Maces & Flails
  8466 | D:7      | Reached skill level 5 in Polearms
  8466 | D:7      | Reached skill level 5 in Staves
  8466 | D:7      | Reached skill level 5 in Slings
  8466 | D:7      | Reached skill level 5 in Bows
  8466 | D:7      | Reached skill level 5 in Crossbows
  8466 | D:7      | Reached skill level 5 in Armour
  8466 | D:7      | Reached skill level 5 in Stealth
  8466 | D:7      | Reached skill level 5 in Shields
  8466 | D:7      | Reached skill level 5 in Unarmed Combat
  8466 | D:7      | Reached skill level 5 in Evocations
  8933 | D:8      | Found a shimmering altar of Xom.
  8952 | D:8      | Noticed a two-headed ogre
  9035 | D:8      | Killed a two-headed ogre
  9035 | D:8      | Reached ** piety under Okawaru
  9541 | D:8      | Found a blossoming altar of Fedhas.
  9769 | D:9      | Noticed Psyche
  9790 | D:8      | Learned a level 2 spell: Passwall
  9808 | D:9      | Noticed a gargoyle
  9829 | D:9      | Killed a gargoyle
 10420 | D:9      | Found an opulent altar of Gozag.
 10587 | D:9      | Killed Psyche
 10587 | D:9      | Reached *** piety under Okawaru
 10762 | D:9      | Learned a level 1 spell: Sandblast
 10785 | D:9      | Noticed Maurice
 11350 | D:9      | Reached XP level 11. HP: 52/82 MP: 20/20
 12009 | D:9      | Killed Maurice
 12060 | D:10     | Entered Level 10 of the Dungeon
 12398 | D:10     | Noticed a two-headed ogre
 13440 | D:10     | Killed a two-headed ogre
 13440 | D:10     | Reached skill level 5 in Conjurations
 13440 | D:10     | Reached skill level 5 in Charms
 13440 | D:10     | Reached skill level 5 in Summonings
 13440 | D:10     | Reached skill level 5 in Necromancy
 13440 | D:10     | Reached skill level 5 in Translocations
 13440 | D:10     | Reached skill level 5 in Transmutations
 13440 | D:10     | Reached skill level 5 in Fire Magic
 13440 | D:10     | Reached skill level 5 in Ice Magic
 13440 | D:10     | Reached skill level 5 in Air Magic
 13440 | D:10     | Reached skill level 5 in Earth Magic
 13440 | D:10     | Reached skill level 5 in Poison Magic
 13720 | D:10     | Noticed a two-headed ogre
 13734 | D:10     | Killed a two-headed ogre
 13734 | D:10     | Reached **** piety under Okawaru
 14355 | D:10     | Found Cokk's Book Boutique.
 14357 | D:10     | Bought a book of Misfortune for 340 gold pieces
 14361 | D:10     | Learned a level 3 spell: Confuse
 14367 | D:10     | Learned a level 5 spell: Metabolic Englaciation
 14369 | D:10     | Learned a level 1 spell: Confusing Touch
 14440 | D:11     | Found a staircase to the Orcish Mines.
 14876 | D:11     | Noticed a red ugly thing
 14894 | D:11     | Noticed a red ugly thing
 16335 | D:11     | Found a staircase to the Lair.
 16360 | Lair:1   | Entered Level 1 of the Lair of Beasts
 16421 | Lair:1   | Reached ***** piety under Okawaru
 16747 | Lair:1   | Noticed an eight-headed hydra
 16755 | Lair:1   | Killed an eight-headed hydra
 17037 | Lair:1   | Noticed an eight-headed hydra
 17044 | Lair:1   | Killed an eight-headed hydra
 17044 | Lair:1   | Reached XP level 12. HP: 91/91 MP: 21/23
 17109 | Lair:1   | Received a gift from Okawaru
 18607 | Lair:2   | You fall into a shaft and drop 1 floor!
 18628 | Lair:3   | Noticed a five-headed hydra
 18632 | Lair:3   | Killed a five-headed hydra
 19046 | Lair:2   | Noticed a seven-headed hydra
 19054 | Lair:2   | Killed a seven-headed hydra
 19054 | Lair:2   | Received a gift from Okawaru
 19512 | Lair:2   | Reached ****** piety under Okawaru
 20038 | Lair:2   | Received a gift from Okawaru
 20437 | Lair:2   | Reached XP level 13. HP: 19/98 MP: 25/25
 21105 | Lair:2   | Received a gift from Okawaru
 21265 | Lair:2   | Found a staircase to the Snake Pit.
 21312 | Lair:2   | Found a staircase to the Swamp.
 23039 | Orc:1    | Entered Level 1 of the Orcish Mines
 23065 | Orc:1    | Noticed Urug
 23078 | Orc:1    | Killed Urug
 23347 | Orc:1    | Learned a level 5 spell: Lee's Rapid Deconstruction
 23404 | Orc:2    | Entered Level 2 of the Orcish Mines
 23458 | Orc:2    | Noticed Josephine
 23481 | Orc:2    | Killed Josephine
 23482 | Orc:2    | Noticed Donald
 23504 | Orc:2    | Mangled by Donald

Levels and vault maps discovered:
D:1:      evilmike_arrival_plus, layout_basic, minmay_tetromino_o4
D:2:      layout_loops_ring, lemuel_round_altar,
          nemelex_xobeh_ov_fountains_minmay, uniq_robin
D:3:      layout_basic, bh_walls_and_bars
D:4:      layout_basic
D:5:      layout_basic, minitemple, first_ration
D:6:      layout_loops_corners
D:7:      layout_basic, okawaru_humans, overflow_temple_1_default,
          minmay_temple_entry_grid, the_bakery, guppyfry_early_elven_hall
D:8:      layout_rooms, lemuel_crystal_altar, fedhas_altar_1
D:9:      layout_basic, grunt_gozag_breadcrumbs, uniq_maurice, uniq_psyche
D:10:     layout_roguey, serial_shops, shop
D:11:     layout_loops_ring, david_lair_generic, zombieorc2_lemuel
Lair:1:   layout_chaotic_city
Lair:2:   regret_index_wax_grids, layout_big_grid,
          nicolae_swamp_entry_splash_gauntlet,
          minmay_snake_entry_guardpost_medium
Lair:3:   layout_regular_city, serial_bayou_pond_b, lemuel_fruit_fields,
          infiniplex_staircase_pool_2
Lair:4:   layout_regular_city, wad_woods_02, lemuel_fruit_tree,
          serial_bayou_shore_a
Orc:1:    layout_diamond_mine, sword_in_stone, uniq_gastronok, uniq_urug
Orc:2:    pf_orc_diabolical, layout_diamond_mine, enter_volcano_4, serial_shops,
          shop_statue, uniq_donald, uniq_josephine

Skill      XL: |  1  2  3  4  5  6  7  8  9 10 11 12 13 |
---------------+----------------------------------------+-----
Invocations    | 1 2 3 4 5 6 7 8 |  8.7
Short Blades   | 1 2 3 4 5 6 7 8 |  8.0
Long Blades    | 1 2 3 4 5 6 7 8 |  8.0
Axes           | 1 2 3 4 5 6 7 8 |  8.0
Maces & Flails | 1 2 3 4 5 6 7 8 |  8.0
Polearms       | 1 2 3 4 5 6 7 8 |  8.0
Staves         | 1 2 3 4 5 6 7 8 |  8.0
Slings         | 1 2 3 4 5 6 7 8 |  8.0
Bows           | 1 2 3 4 5 6 7 8 |  8.0
Crossbows      | 1 2 3 4 5 6 7 8 |  8.0
Armour         | 1 2 3 4 5 6 7 8 |  8.0
Stealth        | 1 2 3 4 5 6 7 8 |  8.0
Shields        | 1 2 3 4 5 6 7 8 |  8.0
Unarmed Combat | 1 2 3 4 5 6 7 8 |  8.0
Evocations     | 1 2 3 4 5 6 7 8 |  8.0
Spellcasting   | 3 4 5 6 7 8 |  8.5
Conjurations   | 1 2 3 4 5 6 |  6.6
Charms         | 1 2 3 4 5 6 |  6.6
Summonings     | 1 2 3 4 5 6 |  6.6
Necromancy     | 1 2 3 4 5 6 |  6.6
Translocations | 1 2 3 4 5 6 |  6.6
Transmutations | 1 2 3 4 5 6 |  6.6
Fire Magic     | 1 2 3 4 5 6 |  6.6
Ice Magic      | 1 2 3 4 5 6 |  6.6
Air Magic      | 1 2 3 4 5 6 |  6.6
Earth Magic    | 1 2 3 4 5 6 |  6.6
Poison Magic   | 1 2 3 4 5 6 |  6.6
Fighting       | 3 4 5 6 7 8 |  8.4
Throwing       | 5 6 7 8 9 |  9.2
Dodging        | 5 6 7 8 9 |  9.2
Hexes          | 6 7 8 |  8.7

Action                   |  1- 3 |  4- 6 |  7- 9 | 10-12 | 13-15 || total
-------------------------+-------+-------+-------+-------+-------++-------
Melee: Unarmed           |    27 |       |       |       |       ||    27
       Short sword       |   122 |       |       |       |       ||   122
       Bite              |    24 |    30 |    49 |   119 |    12 ||   234
       Dagger            |    14 |   177 |       |       |       ||   191
       Punch             |       |     5 |    10 |    34 |       ||    49
       Morningstar       |       |    62 |   439 |  1020 |    79 ||  1600
       Great mace        |       |       |       |    46 |    60 ||   106
Throw: Javelin           |       |     8 |     4 |     8 |       ||    20
       Stone             |       |       |       |     5 |       ||     5
 Cast: Cause Fear        |       |       |       |     9 |       ||     9
       Sandblast         |       |       |       |    25 |       ||    25
       Confuse           |       |       |       |     4 |       ||     4
       Metabolic Englaci |       |       |       |     1 |       ||     1
Invok: Heroism           |       |       |       |     6 |     2 ||     8
       Finesse           |       |       |       |       |     1 ||     1
Evoke: Wand              |       |       |       |    11 |     7 ||    18
  Use: Scroll            |       |     5 |     9 |     9 |     5 ||    28
       Potion            |       |       |     1 |     1 |     5 ||     7
 Stab: Sleeping          |       |       |     4 |    20 |     3 ||    27
       Distracted        |       |       |       |     2 |       ||     2
       Confused          |       |       |       |     2 |       ||     2
       Paralysed         |       |       |       |       |     4 ||     4
  Eat: Chunk             |     2 |     7 |    15 |    26 |     3 ||    53
       Ration            |       |       |       |     8 |     2 ||    10
Armor: Robe              |    11 |       |       |       |       ||    11
       Scale mail        |    47 |    95 |       |       |       ||   142
       Ring mail         |       |     9 |   209 |   387 |    57 ||   662
       Leather armour    |       |       |       |    72 |       ||    72
       Skin              |       |       |       |       |    66 ||    66
Dodge: Dodged            |    99 |   135 |   393 |  1233 |   145 ||  2005
Block: Buckler           |       |       |       |       |    62 ||    62
